AoeStats
← Nanoha

Nomad

507773961Analyzed
3v3 RM · 13d ago on Sep 19, 2026· 40m 33s· 6 players
Game mode
Random Map
Map size
210×210
Population
200
Speed
Normal
Resources
Standard
Victory
Conquest
Starting age
Dark Age
Ending age
Imperial Age
RankedLock teamsTeams togetherTeam positionsShared explorationLock speedFull tech treeHidden civsTurbo modeCheats
Victory
Defeat
🇨🇱 Dravidians · Chile
1085
+14
🇨🇱 Britons · Chile
1053
+16
🇬🇧 Burmese · United Kingdom
1013
+17
🇨🇳 Japanese · China
1170
-20
🇨🇳 Mongols · China
998
-14
🇨🇳 Franks · China
966
-13
Aya
18:07 Feudal Age
19:31 Double-Bit Axe
19:40 Stone Mining
22:33 Castle Age
20:59 Loom
21:10 Gold Mining
22:47 Wheelbarrow
24:16 Stone Shaft Mining
24:16 Gold Shaft Mining
25:47 Fletching
25:57 Padded Archer Armor
32:16 Ballistics
怀旧型夏露露
8:41 Loom
14:44 Feudal Age
16:42 Double-Bit Axe
16:38 Horse Collar
18:22 Town Watch
24:20 Castle Age
24:35 Wheelbarrow
25:47 Bow Saw
27:07 Pikeman
28:50 Fletching
29:40 Heavy Plow
29:31 Gold Mining
29:31 Stone Mining
29:38 Bodkin Arrow
30:35 Gambesons
31:18 Elite Skirmisher
32:50 Gold Shaft Mining
32:45 Squires
38:51 Hand Cart
42:52 Imperial Age
Nanoha
21:11 Feudal Age
22:24 Double-Bit Axe
22:44 Fishing Lines
29:37 Castle Age
30:56 Wheelbarrow
31:56 Husbandry
31:18 Light Cavalry
33:22 Scale Barding Armor
33:33 Forging
37:09 Masonry
39:00 Stone Mining
diego02041989
17:12 Feudal Age
17:47 Fishing Lines
19:15 Double-Bit Axe
21:56 Castle Age
22:07 Wheelbarrow
21:34 Fletching
21:44 Padded Archer Armor
22:26 Gold Mining
22:51 Gillnets
24:01 Gold Shaft Mining
23:52 Bow Saw
24:57 Hand Cart
24:55 Medium Warships
26:39 Stone Mining
30:15 Imperial Age
27:30 Crossbowman
28:44 Ballistics
28:28 Bodkin Arrow
30:25 Arbalester
32:15 Chemistry
35:33 Bracer
35:48 Leather Archer Armor
38:13 Loom
38:14 Town Watch
38:47 Leather Archer Armor
38:57 Yeomen
39:59 Conscription
TheTitanicSwimTeam
7:11 Loom
13:58 Feudal Age
18:27 Bloodlines
22:07 Castle Age
22:30 Fishing Lines
24:03 Husbandry
24:27 Bloodlines
24:25 Scale Barding Armor
25:20 Gillnets
26:47 Town Watch
30:11 Chain Barding Armor
32:35 Gold Mining
33:12 Forging
40:12 Wheelbarrow
Paquesito
5:42 Loom
15:10 Feudal Age
16:18 Fishing Lines
19:28 Fletching
21:51 Castle Age
20:52 Padded Archer Armor
22:41 Gillnets
23:04 Medium Warships
23:08 Gold Mining
23:42 Bodkin Arrow
27:47 Imperial Age
26:15 Medical Corps
30:27 Elite Elephant Archer
33:30 Wheelbarrow
37:58 Conscription
38:30 Bracer
41:37 Chemistry
40:58 Ballistics
40:55 Hand Cart
Connection lost

Rejoining the realm…

Still unreachable

The connection could not be restored.

Session expired

The server has moved on; the page needs a fresh start.